 Dungeon Crawl Stone Soup version 0.29.1-2-gbd0b4ee654 (webtiles) character file.

Game seed: 16652651133416118448

1 xian the Trooper (level 1, 0/18 HPs)
             Began as a Demonspawn Abyssal Knight on Nov 13, 2022.
             Was a Follower of Lugonu.
             Slain by a gnoll
             ... wielding a +0 spear
              (5 damage)
             ... on level 1 of the Dungeon.
             The game lasted 00:00:50 (147 turns).

xian the Trooper (Demonspawn Abyssal Knight)         Turns: 147, Time: 00:00:50

Health: 0/18       AC:  3    Str: 13    XL:     1   Next: 16%
Magic:  2/2        EV: 11    Int: 11    God:    Lugonu [*.....]
Gold:   0          SH:  0    Dex: 13    Spells: 0/0 levels left

rFire   . . .      SeeInvis .   a - +1 short sword
rCold   . . .      Faith    .   (no shield)
rNeg    . . .      Spirit   .   b - +0 leather armour
rPois   .          Reflect  .   (no helmet)
rElec   .          Harm     .   (no cloak)
rCorr   .          Rampage  .   (no gloves)
Will    .....                   (no boots)
Stlth   +.........              (no amulet)
HPRegen 0.06/turn               (no ring)
MPRegen 0.08/turn               (no ring)

@: no status effects
A: no striking features
a: Renounce Religion, Depart the Abyss


You were on level 1 of the Dungeon.
You worshipped Lugonu.
Lugonu was aware of your devotion.
You visited 1 branch of the dungeon, and saw 1 of its levels.
You visited the Abyss 1 time.

Inventory:

Hand Weapons
 a - a +1 short sword (weapon)
Armour
 b - a +0 leather armour (worn)


   Skills:
 + Level 3.1 Fighting
 + Level 1.7 Short Blades
 + Level 1.7 Armour
 + Level 0.8 Dodging
 + Level 2.4 Invocations


You couldn't memorise any spells.
You didn't know any spells.
Your spell library contained the following spells:

 Spells                   Type           Power      Damage    Failure   Level
 Inner Flame              Hex/Fire       0%         N/A       80%         3
 Cause Fear               Hex            0%         N/A       99%         4
 Discord                  Hex            0%         N/A       100%        8


Dungeon Overview and Level Annotations

Branches:
Dungeon (1/15)

Altars:


Message History

A tentacled starspawn is nearby!
You pass through the gate.
You can no longer bend space around yourself.
There is a staircase leading out of the dungeon here.
Magic restored.
You open the large door.
There is a large open door here.
You pick up a book of Hexes and begin reading...
You add the spells Inner Flame, Cause Fear and Discord to your library.
A hobgoblin comes into view.
A hobgoblin is nearby!
A hobgoblin is nearby!
The hobgoblin shouts!
Found a ring mail.
A gnoll comes into view. It is wielding a +0 spear.
You closely miss the hobgoblin. The hobgoblin barely misses you.
You hit the hobgoblin.
The hobgoblin is almost dead.
An endoplasm comes into view.
The hobgoblin hits you.
You hit the hobgoblin.
You kill the hobgoblin!
Lugonu accepts your kill.
You see here a hobgoblin corpse.
The gnoll hits you with a +0 spear.
You hit the gnoll but do no damage. The gnoll hits you with a +0 spear.
You hit the gnoll.
The gnoll is moderately wounded.
The gnoll barely misses you.
You hit the gnoll.
The gnoll is severely wounded.
The gnoll hits you with a +0 spear.
* * * LOW HITPOINT WARNING * * *
You hit the gnoll.
The gnoll is almost dead.
The gnoll barely misses you.
You barely miss the gnoll.
The gnoll is almost dead.
The gnoll hits you with a +0 spear.
You die...

#≈≈≈~...#........
~~~~........~##...
.~~....##...##~...
..~...#~~##..~~~..
#...#...~~....#
######.##~..#...
#......####
#.#..#.############
#.........†@gJ..[..
###################


You could see a gnoll and an endoplasm.

Vanquished Creatures
  A hobgoblin (D:1)
1 creature vanquished.

Vanquished Creatures (others)
  5 starspawn tentacles (Abyss:1)
5 creatures vanquished.

Grand Total: 6 creatures vanquished

Notes
Turn   | Place    | Note
-------+----------+-------------------------------------------
     0 | Abyss:1  | xian the Demonspawn Abyssal Knight began the quest for the
                  | Orb.
     0 | Abyss:1  | Reached XP level 1. HP: 18/18 MP: 2/2
    46 | Abyss:1  | Noticed a large abomination
    46 | Abyss:1  | Noticed a tentacled starspawn
    48 | Abyss:1  | Noticed a stone giant zombie
    86 | Abyss:1  | Noticed a wraith
    99 | D:1      | Escaped the Abyss
   147 | D:1      | Slain by a gnoll

Illustrated notes

Levels and vault maps discovered:
D:1:      denvon_arrival_waterhouse, layout_basic

Action                   || total
-------------------------++-------
Melee: Short sword       ||     8
Invok: Depart the Abyss  ||     1
Dodge: Dodged            ||     3
